 Dungeon Crawl Stone Soup version 0.30-a0-622-gddc90eaa04 (webtiles) character file.

Game seed: 5002646750190170537

334 PyroL the Grave Robber (level 6, -3/41 HPs)
             Began as a Demonspawn Necromancer on Jan 10, 2023.
             Killed by an exploding goblin (18 damage)
             ... ignited by their inner flame
             ... on level 3 of the Dungeon.
             The game lasted 00:04:31 (2318 turns).

PyroL the Grave Robber (Demonspawn Necromancer)     Turns: 2318, Time: 00:04:31

Health: -3/41      AC:  3    Str:  6 (8)  XL:     6   Next: 27%
Magic:  12/12      EV: 12    Int: 17 (18) God:
Gold:   134        SH:  0    Dex: 12 (14) Spells: 10/14 levels left

rFire   + . .      SeeInvis .    d - +6 scythe (freeze)
rCold   + . .      Faith    .    (shield currently unavailable)
rNeg    . . .      Spirit   .    a - +1 robe
rPois   +          Reflect  .    (no helmet)
rElec   .          Harm     .    (no cloak)
rCorr   .          Rampage  .    (no gloves)
Will    .....                    (no boots)
Stlth   ++                       (no amulet)
HPRegen 1.06/turn                e - ring of protection from cold
MPRegen 0.26/turn                (no ring)

@: attractive
A: magic regeneration, demonic magic 1, demonic touch 1, hooves 1, fire
resistance 1, poison resistance, regeneration 1
a: no special abilities


You were on level 3 of the Dungeon.
You visited 1 branch of the dungeon, and saw 3 of its levels.

You collected 134 gold pieces.

Inventory:

Hand Weapons
 c - a +3 dagger
 d - a +6 scythe of freezing (weapon)
Missiles
 n - 4 poisoned darts
Armour
 a - a +1 robe (worn)
Jewellery
 e - a ring of protection from cold (left hand)
Potions
 b - a potion of magic
 f - 2 potions of attraction
 h - 4 potions of curing
 k - a potion of brilliance {unknown}


   Skills:
 - Level 1.7 Dodging
 - Level 1.7 Stealth
 + Level 4.5 Spellcasting
 + Level 6.6 Necromancy


You had 10 spell levels left.
You knew the following spells:

 Your Spells              Type           Power      Damage    Failure   Level
a - Necrotise             Necr           100%       1d9       1%          1
b - Vampiric Draining     Necr           26%        2d7       3%          3

Your spell library contained the following spells:

 Spells                   Type           Power      Damage    Failure   Level
 Animate Dead             Necr           26%        N/A       10%         4
 Agony                    Necr           26%        N/A       26%         5


Dungeon Overview and Level Annotations

Branches:
Dungeon (3/15)

Altars:

Annotations:
D:3 Robin


Innate Abilities, Weirdness & Mutations

You regenerate magic rapidly.
Spells you cast may paralyse adjacent enemies.
Your touch may inflict minor irresistible damage on your foes.
You have large cloven feet.
Your flesh is heat resistant. (rF+)
Your system is resistant to poisons. (rPois)
Your natural rate of healing is unusually fast.


Message History

The goblin attacks as you move away! The goblin barely misses you.
As you read the scroll labelled JUSSOS LOMA, it crumbles to dust.
The creatures around you are filled with an inner flame!
It was a scroll of immolation.
The goblin closely misses you.
The goblin no longer looks unusually strong.
The goblin attacks as you move away! The goblin barely misses you.
It was a potion of attraction.
You feel attractive to monsters.
The goblin no longer looks unusually strong.
The goblin misses you.
It was a potion of curing.
You feel better.
The goblin no longer looks unusually strong.
The goblin barely misses you.
It was a potion of degeneration.
There was something very wrong with that liquid.
You feel weakened.
You feel dopey.
You feel clumsy. The goblin hits you with a +0 club.
* * * LOW HITPOINT WARNING * * *
As you read the scroll labelled INIOQI YSOAJIX, it crumbles to dust.
You hear a loud clanging noise!
It was a scroll of noise.
The goblin barely misses you.
As you read the scroll labelled VERCHI EJYSE, it crumbles to dust.
It is a scroll of enchant weapon.
Your +5 scythe of freezing glows red for a moment.
The hobgoblin no longer looks unusually strong.
The goblin hits you with a +0 club.
* * * LOW HITPOINT WARNING * * *
It was a potion of mutation.
You feel extremely strange.
You begin to heal more quickly.
Your feet thicken and deform.
You feel resistant to heat.
You feel resistant to poisons.
The goblin no longer looks unusually strong.
The goblin closely misses you.
You closely miss the goblin.
Flame seeps out of the goblin.
You kick the goblin.
The goblin is moderately wounded.
The goblin is engulfed in blazing flames.
The goblin explodes!
The fiery explosion engulfs the goblin!!
The fiery explosion engulfs you!! You resist.
You die...

##...## #......#
#..##.....## ##.#####
#..#.......#####..###
....................#
............g.......#
#.........gg###....#
#.......#)# #..#.#
##..†g.##○# #.##.#
##.w.###@# #.##.#
##g## #........# #.#
#####.#### #.#


ggg ..g ..... #..g# ##... You could see a hobgoblin and 2 goblins.

Vanquished Creatures
  Sigmund (D:2)
  Jessica (D:2)
  Natasha (twice) (D:2)
  Terence (D:3)
  3 adders
  3 dart slugs
  An orc (D:3)
  9 ball pythons
  4 bats
  7 endoplasms
  6 goblins
  4 hobgoblins
  4 kobolds
  2 quokkas (D:3)
  4 rats
52 creatures vanquished.

Vanquished Creatures (collateral kills)
  A dart slug (D:1)
  An endoplasm (D:1)
  A rat (D:1)
3 creatures vanquished.

Grand Total: 55 creatures vanquished

Notes
Turn   | Place    | Note
-------+----------+-------------------------------------------
     0 | D:1      | PyroL the Demonspawn Necromancer began the quest for the
                  | Orb.
     0 | D:1      | Reached XP level 1. HP: 13/13 MP: 3/3
   280 | D:1      | Gained mutation: Your touch may inflict minor irresistible
                  | damage on your foes. [demonic ancestry]
   280 | D:1      | Reached XP level 2. HP: 6/19 MP: 0/5
   895 | D:2      | Reached skill level 5 in Necromancy
   895 | D:2      | Reached XP level 3. HP: 24/24 MP: 1/7
  1006 | D:2      | Noticed Jessica
  1012 | D:2      | Killed Jessica
  1018 | D:2      | Learned a level 3 spell: Vampiric Draining
  1075 | D:2      | Gained mutation: Spells you cast may paralyse adjacent
                  | enemies. [demonic ancestry]
  1075 | D:2      | Reached XP level 4. HP: 26/30 MP: 1/8
  1303 | D:2      | Noticed Sigmund
  1434 | D:2      | Killed Sigmund
  1435 | D:2      | Reached skill level 6 in Necromancy
  1435 | D:2      | Gained mutation: You regenerate magic rapidly. [demonic
                  | ancestry]
  1435 | D:2      | Reached XP level 5. HP: 35/35 MP: 2/11
  1661 | D:2      | Noticed Natasha
  1670 | D:2      | Killed Natasha
  1800 | D:2      | Noticed Natasha
  1805 | D:2      | Killed Natasha
  1806 | D:2      | Reached XP level 6. HP: 33/41 MP: 12/12
  2124 | D:3      | Noticed Terence
  2130 | D:3      | Killed Terence
  2296 | D:3      | Noticed Robin
  2317 | D:3      | Gained mutation: Your natural rate of healing is unusually
                  | fast. [potion of mutation]
  2317 | D:3      | Gained mutation: You have large cloven feet. [potion of
                  | mutation]
  2317 | D:3      | Gained mutation: Your flesh is heat resistant. (rF+)
                  | [potion of mutation]
  2317 | D:3      | Gained mutation: Your system is resistant to poisons.
                  | (rPois) [potion of mutation]
  2318 | D:3      | Killed by an exploding goblin... ignited by their inner
                  | flame

Illustrated notes

Levels and vault maps discovered:
D:1:      dpeg_arrival_snail, layout_basic
D:2:      layout_basic, serial_park_tiny_2, uniq_sigmund, uniq_jessica,
          uniq_natasha
D:3:      layout_loops_corners, minmay_misc_feat_pillars, minivault_24,
          uniq_robin, uniq_terence, uniq_crazy_yiuf_cottage

Skill      XL: |  1  2  3  4 |
---------------+-------------+-----
Necromancy     | 5 6 |  6.6
Spellcasting   | 3 4 |  4.5
Dodging        | |  1.7
Stealth        | |  1.7

Action                   |  1- 3 |  4- 6 || total
-------------------------+-------+-------++-------
Melee: Short sword       |     8 |       ||     8
       Unarmed           |     4 |       ||     4
       Dagger            |     7 |     1 ||     8
       Touch             |     1 |       ||     1
       Halberd           |       |    43 ||    43
       Kick              |       |     1 ||     1
 Cast: Necrotise         |    40 |    15 ||    55
       Vampiric Draining |     1 |     3 ||     4
  Use: Scroll            |       |     6 ||     6
       Potion            |       |     4 ||     4
 Stab: Sleeping          |       |     2 ||     2
Armor: Robe              |     9 |     9 ||    18
Dodge: Dodged            |    23 |    34 ||    57

Table legend: (Time is in decaauts)
 A = Elapsed time spent in this place.
 B = Non-inter-level travel time spent in this place.
 C = Inter-level travel time spent in this place.
 D = Time resting spent in this place.
 E = Time spent auto-exploring this place.
 F = Levels seen in this place.
 G = Mean time per level.
                   A        B        C        D        E       F      G
               +--------+--------+--------+--------+--------+-----+--------+
         Total |   2351 |   2333 |     18 |     43 |   1833 |   3 |  783.7 |
       Dungeon |   2351 |   2333 |     18 |     43 |   1833 |   3 |  783.7 |
               +--------+--------+--------+--------+--------+-----+--------+

Top non-repeatable levels by time:
     D:2: 1079 daAuts
     D:1: 827 daAuts
     D:3: 444 daAuts
